AoeStats
← acetiner

Black Forest

510388797Analyzed
4v4 RM · 2d ago on Sep 30, 2026· 46m 14s· 8 players
Game mode
Random Map
Map size
Large (8 player)
Population
200
Speed
Normal
Resources
Standard
Victory
Conquest
Starting age
Dark Age
Ending age
Imperial Age
RankedLock teamsTeams togetherTeam positionsShared explorationLock speedFull tech treeHidden civsTurbo modeCheats
Victory
Defeat
🇪🇸 Khmer · Spain
730
+15
🇮🇳 Franks · India
690
+16
🇹🇷 Huns · Türkiye
687
+16
🇩🇪 Portuguese · Germany
675
+17
🇦🇷 Bulgarians · Argentina
715
-17
🇮🇹 Maya · Italy
713
-17
🇧🇷 Malay · Brazil
697
-16
🇪🇨 Teutons · Ecuador
657
-14
Capitano Gert
0:27 Loom
11:18 Feudal Age
16:54 Castle Age
15:41 Double-Bit Axe
15:37 Horse Collar
18:42 Heavy Plow
19:52 Bow Saw
26:07 Stone Mining
26:10 Gold Mining
27:41 Wheelbarrow
26:52 Town Watch
27:12 Eagle Warrior
27:38 Arson
27:54 Squires
28:39 Stone Shaft Mining
29:12 Scale Mail Armor
29:22 Forging
30:52 Chain Mail Armor
31:12 Iron Casting
36:18 Imperial Age
34:05 Hand Cart
33:50 Town Patrol
37:28 Holcans
37:31 Plate Mail Armor
38:01 Blast Furnace
38:07 Two-Man Saw
37:38 Crop Rotation
36:36 Elite Eagle Warrior
37:29 Caravan
41:21 Pikeman
42:41 Halberdier
Trallcarlos
0:30 Loom
17:42 Feudal Age
18:28 Double-Bit Axe
19:01 Horse Collar
21:01 Gold Mining
21:03 Stone Mining
23:59 Castle Age
27:48 Bow Saw
28:23 Stone Shaft Mining
28:25 Wheelbarrow
29:31 Town Watch
30:03 Hand Cart
30:14 Heavy Plow
30:48 Town Patrol
31:57 Forging
31:38 Fletching
31:48 Padded Archer Armor
32:01 Caravan
33:05 Ballistics
33:37 Bodkin Arrow
33:57 Leather Archer Armor
33:37 Bodkin Arrow
34:18 Iron Casting
33:43 Scale Mail Armor
34:18 Iron Casting
33:49 Scale Barding Armor
39:02 Imperial Age
36:58 Chain Mail Armor
37:03 Chain Barding Armor
37:07 Masonry
36:50 Guard Tower
39:19 Cavalier
40:10 Bloodlines
41:23 Plate Mail Armor
41:53 Blast Furnace
41:24 Plate Mail Armor
41:54 Blast Furnace
41:29 Plate Barding Armor
41:25 Ring Archer Armor
41:22 Paladin
41:43 Pikeman
42:23 Squires
43:07 Crop Rotation
44:27 Two-Man Saw
Ironkinghard
13:34 Feudal Age
13:08 Double-Bit Axe
13:08 Horse Collar
17:47 Wheelbarrow
17:12 Stone Mining
17:15 Gold Mining
17:44 Forging
21:52 Castle Age
21:29 Heavy Plow
21:41 Bow Saw
25:31 Hand Cart
31:13 Imperial Age
31:12 Crop Rotation
31:22 Fletching
31:33 Padded Archer Armor
32:01 Crossbowman
32:43 Bodkin Arrow
33:04 Thumb Ring
32:47 Arbalester
39:00 Chemistry
38:10 Bracer
38:26 Leather Archer Armor
41:03 Caravan
41:53 Squires
93arthas
0:46 Loom
5:55 Loom
12:17 Feudal Age
12:47 Double-Bit Axe
12:52 Horse Collar
15:35 Wheelbarrow
18:46 Town Watch
21:43 Castle Age
19:41 Fletching
21:42 Forging
22:10 Arson
23:54 Squires
24:01 Pikeman
24:46 Scale Mail Armor
25:07 Hand Cart
36:38 Imperial Age
36:41 Caravan
36:54 Gambesons
37:41 Heavy Plow
39:41 Bow Saw
40:19 Conscription
41:17 Stirrups
41:22 Murder Holes
41:51 Ballistics
44:55 Chemistry
45:39 Iron Casting
heffenstinner
0:35 Loom
13:58 Feudal Age
19:43 Castle Age
18:12 Double-Bit Axe
24:47 Wheelbarrow
24:46 Bow Saw
24:42 Town Watch
24:57 Stone Mining
25:48 Horse Collar
27:02 Hand Cart
27:58 Town Patrol
30:48 Gold Mining
32:30 Stone Shaft Mining
35:54 Imperial Age
35:26 Heavy Plow
36:18 Caravan
36:01 Elite Organ Gun
37:04 Conscription
38:25 Chemistry
38:33 Fortified Wall
38:51 Arquebus
42:38 Two-Man Saw
41:48 Cavalier
42:28 Husbandry
45:16 Pikeman
XxjesulizxX
0:31 Loom
11:32 Feudal Age
12:48 Wheelbarrow
12:02 Double-Bit Axe
12:00 Horse Collar
19:50 Castle Age
18:00 Gold Mining
19:07 Forging
18:57 Scale Mail Armor
19:06 Scale Barding Armor
19:20 Stone Mining
20:46 Hand Cart
21:28 Bow Saw
23:01 Town Watch
24:12 Husbandry
27:41 Gold Shaft Mining
27:42 Stone Shaft Mining
29:08 Bloodlines
29:41 Heavy Plow
33:13 Imperial Age
32:15 Tusk Swords
34:27 Conscription
35:55 Fletching
36:06 Padded Archer Armor
36:42 Iron Casting
37:24 Conscription
37:04 Double Crossbow
36:51 Elite Ballista Elephant
38:46 Murder Holes
40:46 Bodkin Arrow
41:07 Leather Archer Armor
42:04 Chemistry
41:53 Caravan
42:22 Town Patrol
44:30 Bracer
45:00 Ring Archer Armor
45:31 Blast Furnace
44:46 Chain Mail Armor
44:52 Chain Barding Armor
45:07 Cavalier
45:08 Light Cavalry
45:49 Elite Battle Elephant
47:04 Fortified Wall
acetiner
0:33 Loom
14:22 Feudal Age
17:39 Feudal Age
20:20 Horse Collar
20:28 Double-Bit Axe
20:38 Gold Mining
20:41 Stone Mining
22:13 Forging
22:09 Scale Barding Armor
22:05 Scale Mail Armor
21:56 Fletching
22:06 Padded Archer Armor
28:33 Castle Age
29:47 Bloodlines
30:17 Heavy Plow
30:31 Bow Saw
31:00 Gold Shaft Mining
31:06 Iron Casting
30:27 Bodkin Arrow
30:52 Chain Barding Armor
30:48 Chain Mail Armor
32:25 Light Cavalry
33:07 Husbandry
36:33 Wheelbarrow
40:10 Imperial Age
38:57 Marauders
40:18 Hand Cart
40:05 Murder Holes
40:22 Masonry
40:59 Elite Tarkan
42:00 Conscription
42:48 Blast Furnace
42:24 Plate Barding Armor
41:50 Bracer
42:14 Atheism
42:51 Man-at-Arms
42:52 Pikeman
43:32 Squires
43:18 Arson
44:39 Ballistics
45:20 Chemistry
44:41 Leather Archer Armor
44:40 Guilds
45:01 Coinage
44:31 Caravan
46:06 Banking
45:04 Long Swordsman
45:38 Halberdier
45:39 Two-Handed Swordsman
SKS
0:28 Loom
10:46 Feudal Age
11:59 Double-Bit Axe
12:30 Loom
18:02 Castle Age
18:00 Stone Mining
22:13 Gold Mining
22:44 Bow Saw
26:22 Pikeman
28:31 Wheelbarrow
29:24 Hand Cart
29:53 Gold Shaft Mining
35:06 Imperial Age
33:45 Husbandry
33:54 Scale Barding Armor
34:00 Forging
34:03 Caravan
35:19 Chain Barding Armor
37:08 Plate Barding Armor
37:08 Iron Casting
35:59 Cavalier
37:10 Conscription
38:32 Chemistry
37:52 Ballistics
37:08 Paladin
39:06 Chivalry
Connection lost

Rejoining the realm…

Still unreachable

The connection could not be restored.

Session expired

The server has moved on; the page needs a fresh start.